 Dungeon Crawl Stone Soup version bcrawl-1.41.1 (webtiles) character file.

Game seed: 15446743557050955587

119953 Grimmash the Sneak (level 4, 0/33 HPs)
             Began as a Formicid Archaeologist on Apr 18, 2024.
             Slain by an orc
             ... wielding a +0 morningstar of crushing
              (9 damage)
             ... on level 3 of the Dungeon.
             The game lasted 00:02:35 (2286 turns).

Grimmash the Sneak (Formicid Archaeologist)         Turns: 2286, Time: 00:02:36

Health: 0/33       AC: 10    Str: 16    XL:     4   Next: 98%
Magic:  4/4        EV:  7    Int: 14    God:
Gold:   77         SH:  0    Dex:  9    Spells: 3/3 levels left

rFire    . . .     GDR:     23% b - +0 blowgun
rCold    . . .     SeeInvis +   (no shield)
rNeg     . . .     Gourm    .   c - +0 chain mail
rPois    .         Faith    .   (helmet unavailable)
rElec    .         Spirit   .   (no cloak)
rCorr    .         Reflect  .   (no gloves)
MR       .....                  d - +1 pair of boots
Stlth    ..........             (no amulet)
HPRegen  0.15/turn              (no ring)
MPRegen  0.09/turn              (no ring)

@: no status effects
A: permanent stasis, dig shafts and tunnels, four strong arms, antennae 3
a: Dig, Shaft Self


You were on level 3 of the Dungeon.
You were hungry.

You visited 1 branch of the dungeon, and saw 3 of its levels.

You collected 77 gold pieces.

Inventory:

Hand Weapons
 a - a +0 flail
 b - a +0 blowgun (weapon)
Missiles
 h - 5 curare-tipped needles (quivered)
 q - 128 arrows
 r - 29 poisoned tomahawks
Armour
 c - a +0 chain mail (worn)
 d - a +1 pair of boots (worn)
Scrolls
 f - a scroll of revelation
 i - 3 scrolls of identify
 j - 2 scrolls of remove curse {unknown}
 l - 2 scrolls of teleportation {unknown}
 s - a scroll of enchant armour {unknown}
 t - a scroll of immolation {unknown}
 u - a scroll of enchant weapon {unknown}
Potions
 k - 3 potions of lignification {unknown}
 m - a potion of mutation {unknown}
 n - 2 potions of agility
 o - a potion of berserk rage {unknown}
 p - a potion of haste {unknown}
Miscellaneous
 g - a dusty tome
Comestibles
 e - 5 rations {!d}


   Skills:
 * Level 2.0 Fighting
 * Level 2.2 Maces & Flails
 * Level 1.8 Armour
 * Level 3.4 Dodging
 + Level 4.4 Stealth


You had 3 spell levels left.
You didn't know any spells.
Your spell library was empty.

Dungeon Overview and Level Annotations

Branches:
Dungeon (3/12)

Altars:
Qazlal


Innate Abilities, Weirdness & Mutations

You cannot be hasted, slowed, berserked, paralysed or teleported.
You can dig through walls and to a lower floor.
Your four strong arms can wield two-handed weapons with a shield.
You have a pair of large antennae on your head. (SInv)


Message History

No path to travel!
You miss the orc.
The orc hits you with a +0 morningstar of crushing.
Ssssck.
You closely miss the orc.
The orc hits you with a +0 morningstar of crushing.
Ssssck.
* * * LOW HITPOINT WARNING * * *
No path to travel!
Found a stone staircase leading down.
No path to travel!
b - a +0 blowgun (weapon)
You are too injured to fight recklessly!
Firing (i - inventory. (/) - cycle)
h - 6 curare-tipped needles (quivered)
Press: ? - help, Shift-Dir - straight line, f - orc
Aim: an orc, wielding a +0 morningstar of crushing (unusually agile)
You shoot a curare-tipped needle.
The curare-tipped needle barely misses the orc.
The orc hits you with a +0 morningstar of crushing!
You die...

#.# #.# #. #.# #.#
#. #.# ##
#######.####. #.#
.> .........)...
#.# .#
#######...... #.#
# .# ####### #.#
#.##.######
#.########
#.#........
#......<.#
#..@#..#
########.#####.o.#
#...#####.##
#.........#
#...####### #####


You could see an orc.

Vanquished Creatures
  3 adders
  An ooze (D:1)
  A worm (D:2)
  3 leopard geckos
  8 orcs
  4 bats
  3 giant cockroaches
  2 goblins (D:2)
  6 hobgoblins
  4 jackals (D:2)
  6 kobolds
  A ball python (D:3)
  2 frilled lizards (D:1)
  4 rats
48 creatures vanquished.

Notes
Turn   | Place    | Note
-------+----------+-------------------------------------------
     0 | D:1      | Grimmash the Formicid Archaeologist began the quest for the
                  | Orb.
     0 | D:1      | Reached XP level 1. HP: 15/15 MP: 1/1
   358 | D:1      | Reached XP level 2. HP: 21/21 MP: 2/2
   737 | D:2      | Reached XP level 3. HP: 13/26 MP: 3/3
  1060 | D:2      | Reached skill level 1 in Armour
  1290 | D:2      | Reached XP level 4. HP: 26/32 MP: 4/4
  1871 | D:3      | Found a stormy altar of Qazlal.
  1873 | D:3      | Noticed an earth elemental
  1873 | D:3      | Noticed an air elemental
  1874 | D:3      | Noticed a fire elemental
  1874 | D:3      | Noticed a water elemental
  2286 | D:3      | Slain by an orc

Skill      XL: |  1  2  3  4 |
---------------+-------------+-----
Dodging        | 3 |  3.4
Armour         | 1 |  1.8
Maces & Flails | 2 |  2.2
Fighting       | 2 |  2.0
Stealth        | |  4.4

Action                   |  1- 3 |  4- 6 || total
-------------------------+-------+-------++-------
Melee: Whip              |   174 |    63 ||   237
       Flail             |       |    38 ||    38
       Mace              |       |     8 ||     8
 Fire: Blowgun           |       |     1 ||     1
 Stab: Sleeping          |     2 |       ||     2
  Eat: Chunk             |     6 |     6 ||    12
Armor: Robe              |    15 |       ||    15
       Scale mail        |    45 |       ||    45
       Chain mail        |    57 |    58 ||   115
Dodge: Dodged            |   115 |    43 ||   158
